 Dungeon Crawl Stone Soup version 0.18.1-48-g4cf74bf (webtiles) character file.

156 Krapald the Ruffian (level 5, 0/53 HPs)
             Began as a Troll Monk on July 16, 2016.
             Slain by an ogre
             ... wielding a +0 giant club
              (12 damage)
             ... on level 4 of the Dungeon on July 17, 2016.
             The game lasted 00:11:02 (2824 turns).

Krapald the Ruffian (Troll Monk)                    Turns: 2824, Time: 00:11:03

Health: 0/53       AC: 12    Str: 19    XL:     5   Next: 14%
Magic:  4/4        EV:  5    Int:  7    God:
Gold:   95         SH:  7    Dex: 12    Spells: 0 memorised, 4 levels left

rFire  x . .     SeeInvis .     y - +0 flail
rCold  + + .     Gourm    +     u - +0 ice dragon armour
rNeg   . . .     Faith    .     o - +0 shield
rPois  .         Spirit   .     (helmet restricted)
rElec  .         Dismiss  .     (no cloak)
rCorr  .         Reflect  .     (gloves unavailable)
SustAt .         Harm     .     (boots unavailable)
MR     .....                    (no amulet)
Stlth  ..........               (no ring)
                                (no ring)

@: lethally poisoned (0 -> 0), not resistant to hostile enchantments, extremely
unstealthy
A: unfitting armour, claws 3, fast metabolism 3, gourmand, regeneration 2,
shaggy fur 1, tough skin 2
a: no special abilities


You were on level 4 of the Dungeon.
You were full.

You visited 1 branch of the dungeon, and saw 4 of its levels.

You collected 95 gold pieces.

Inventory:

Hand Weapons
 d - a +0 mace
 i - a +0 club
 j - a +2 whip of distortion
 m - a cursed -1 hand axe
 s - a +0 short sword
 w - a +0 trident
 y - a +0 flail (weapon)
Armour
 a - a +0 robe
 o - a +0 shield (worn)
 t - a cursed +0 pair of boots
 u - a +0 ice dragon armour (worn)
Jewellery
 z - an uncursed amulet of the gourmand {unknown}
Scrolls
 e - 2 scrolls of remove curse {unknown}
 h - 2 scrolls of immolation {unknown}
 k - 3 scrolls of identify {unknown}
 p - a scroll of recharging {unknown}
 q - 2 scrolls of teleportation {unknown}
 v - 2 scrolls of fear {unknown}
 x - a scroll of random uselessness {unknown}
Potions
 c - a potion of curing {unknown}
 g - a potion of brilliance {unknown}
 l - 2 potions of heal wounds {unknown}
 n - a potion of flight {unknown}
 r - a potion of ambrosia {unknown}
Comestibles
 b - 5 bread rations
 f - 2 meat rations


   Skills:
 + Level 3.1 Fighting
 + Level 0.5 Armour
 + Level 3.3 Dodging
 + Level 1.2 Stealth
 + Level 0.1 Shields
 + Level 5.0 Unarmed Combat


You had 4 spell levels left.
You didn't know any spells.

Dungeon Overview and Level Annotations

Branches:
Dungeon (4/15)
 Temple: D:4-7

Altars:
Cheibriados
Yredelemnul


Innate Abilities, Weirdness & Mutations

You are too large for most types of armour.
You have claws for hands.
Your metabolism is lightning-fast.
You like to eat raw meat.
You heal very quickly.
You are covered in fur (AC +1).
You have very tough skin (AC +2).


Message History

The worker ant bites you but does no damage.
You block the ogre's attack.
You barely miss the worker ant.
You feel sick.
The worker ant bites you but does no damage.
The worker ant bites you. You block the ogre's attack.
You barely miss the worker ant. You block the worker ant's attack.
The ogre hits you but does no damage.
The worker ant bites you but does no damage.
You hit the worker ant but do no damage.
You feel sick.
The worker ant bites you but does no damage.
The ogre hits you with a giant club!
The worker ant bites you but does no damage.
You barely miss the worker ant. You block the ogre's attack.
The worker ant barely misses you.
The worker ant bites you but does no damage.
You closely miss the worker ant. The ogre hits you with a giant club!
* * * LOW HITPOINT WARNING * * *
The worker ant barely misses you. The ogre hits you with a giant club!
You die...

.........#####.#.# #.#
##############.#.# #.#
...........######.#########
#####..........#..........
#.##..####.#########..
#.##..# #.# #.# #.##..# #.#
#.# #.##..# #.# #.# ####
#.##.@# #.# #.# .....
#.##aO# #.# #.# #####
#.##..# #.# #.# ..##..# #.#
#.# ...# #.# #.# .#.##
#.#########.# .#.
#...........# . ..
#############


You could see an ogre and a worker ant.

Vanquished Creatures
  An orc wizard (D:3)
  An iguana (D:4)
  A hound skeleton (D:4)
  An ooze (D:2)
  A worm (D:2)
  4 dart slugs
  2 orcs (D:3)
  2 ball pythons (D:2)
  6 bats
  4 giant cockroaches
  2 gnoll zombies (D:3)
  6 goblins
  6 hobgoblins
  10 jackals
  7 kobolds
  3 giant newts
  7 rats
64 creatures vanquished.

Notes
Turn   | Place    | Note
--------------------------------------------------------------
     0 | D:1      | Krapald the Troll Monk began the quest for the Orb.
     0 | D:1      | Reached XP level 1. HP: 22/22 MP: 0/0
   200 | D:1      | Reached XP level 2. HP: 29/29 MP: 1/1
   779 | D:1      | Reached XP level 3. HP: 30/36 MP: 2/2
  1228 | D:2      | Found a snail-covered altar of Cheibriados.
  1527 | D:2      | Reached XP level 4. HP: 44/44 MP: 3/3
  1790 | D:3      | Found a basalt altar of Yredelemnul.
  2610 | D:4      | Reached skill level 5 in Unarmed Combat
  2610 | D:4      | Reached XP level 5. HP: 44/53 MP: 4/4
  2806 | D:4      | Noticed an ogre
  2824 | D:4      | Slain by an ogre

Skill      XL: |  1  2  3  4 |
---------------+-------------+-----
Dodging        | 3 |  3.3
Fighting       | 3 |  3.1
Unarmed Combat | 5 |  5.0
Armour         | |  0.5
Stealth        | |  1.2
Shields        | |  0.1

Action                   |  1- 3 |  4- 6 || total
-------------------------+-------+-------++-------
Melee: Unarmed           |   113 |    26 ||   139
       Punch             |     1 |       ||     1
       Flail             |       |    45 ||    45
 Stab: Sleeping          |     1 |       ||     1
  Eat: Chunk             |    20 |     9 ||    29
Armor: Robe              |    39 |       ||    39
       Ice dragon armour |       |    41 ||    41
Dodge: Dodged            |    50 |    17 ||    67
Block: Shield            |    17 |    32 ||    49
